 Dungeon Crawl Stone Soup version 0.26-a0-682-g294304f6e8 (webtiles) character file.

Game seed: 17355898073443440923

(classic levelgen) 70 EnegeticOcto the Digger (level 4, 0/27 HPs)
             Began as a Halfling Earth Elementalist on Oct 21, 2020.
             Slain by an orc
             ... wielding a +0 short sword
              (6 damage)
             ... on level 2 of the Dungeon.
             The game lasted 00:02:48 (478 turns).

EnegeticOcto the Digger (HaEE)                       Turns: 478, Time: 00:02:49

Health: 0/27       AC:  3    Str:  9    XL:     4   Next: 44%
Magic:  3/6        EV: 14    Int: 14    God:
Gold:   92         SH:  0    Dex: 14    Spells: 5/6 levels left

rFire    . . .     SeeInvis .   j - +0 hunting sling
rCold    . . .     Faith    .   (shield restricted)
rNeg     . . .     Spirit   .   n - +0 leather armour
rPois    .         Reflect  .   (no helmet)
rElec    .         Harm     .   (no cloak)
rCorr    .         Rampage  .   (no gloves)
MR       .....                  (no boots)
Stlth    ++........             (no amulet)
HPRegen  0.09/turn              (no ring)
MPRegen  0.10/turn              (no ring)

@: no status effects
A: small, mutation resistance 1
a: no special abilities


You were on level 2 of the Dungeon.
You visited 1 branch of the dungeon, and saw 3 of its levels.

You collected 92 gold pieces.

Inventory:

Hand Weapons
 e - a +0 club
 j - a +0 hunting sling (weapon)
Missiles
 b - 40 stones (quivered)
Armour
 c - a +0 robe
 n - a +0 leather armour (worn)
Scrolls
 a - 3 scrolls of magic mapping {unknown}
 d - 2 scrolls of identify {unknown}
 h - a scroll of amnesia {unknown}
 i - 2 scrolls of teleportation {unknown}
 k - a scroll of blinking {unknown}
 m - a scroll of noise {unknown}
 p - a scroll of immolation {unknown}
Potions
 f - 2 potions of heal wounds {unknown}
 g - 2 potions of ambrosia {unknown}
 l - a potion of curing {unknown}
 o - a potion of haste {unknown}


   Skills:
 + Level 3.6 Slings
 - Level 2.1 Dodging
 - Level 2.1 Stealth
 - Level 1.5 Spellcasting
   Level 0.5 Transmutations
 - Level 4.1 Earth Magic


You had 5 spell levels left.
You knew the following spells:

 Your Spells              Type           Power        Failure   Level
a - Sandblast             Erth           ##....       6%          1

Your spell library contained the following spells:

 Spells                   Type           Power        Failure   Level
 Passwall                 Tmut/Erth      #.......     21%         2
 Stone Arrow              Conj/Erth      #.....       41%         3
 Petrify                  Tmut/Erth      #.......     80%         4
 Lee's Rapid Deconstruct  Erth           ##........   87%         5


Dungeon Overview and Level Annotations

Branches:
Dungeon (3/15)

Altars:


Innate Abilities, Weirdness & Mutations

You are small and have problems with some larger weapons.
You are somewhat resistant to further mutation.


Message History

You climb downwards.
An orc comes into view. It is wielding a +0 mace.
The orc shouts!
The orc hits you with a +0 short sword. The orc misses you.
There is a stone staircase leading up here.
Firing (i - inventory)
b - 54 stones (quivered)
Press: ? - help, Shift-Dir - straight line, f - orc
Aim: an orc, wielding a +0 short sword and wearing a +1 ring mail of fire resistance You shoot a stone.
The stone hits the orc.
The orc is heavily wounded.
The orc closely misses you. x2
The orc misses you.
The orc hits you from afar with a +0 trident.
You climb upwards.
There is a stone staircase leading down here.
Firing (i - inventory)
b - 53 stones (quivered)
Press: ? - help, Shift-Dir - straight line, f - orc
Aim: an orc, wielding a +0 short sword and wearing a +1 ring mail of fire resistance (heavily wounded)
You shoot a stone.
The stone hits the orc but does no damage.
The orc is heavily wounded.
The orc hits you but does no damage.
Firing (i - inventory)
b - 52 stones (quivered)
Press: ? - help, Shift-Dir - straight line, f/p - orc
Aim: an orc, wielding a +0 short sword and wearing a +1 ring mail of fire resistance (heavily wounded)
You shoot a stone.
The stone hits the orc but does no damage.
The orc is heavily wounded.
The orc hits you with a +0 short sword.
Firing (i - inventory)
b - 51 stones (quivered)
Press: ? - help, Shift-Dir - straight line, f/p - orc
Aim: an orc, wielding a +0 short sword and wearing a +1 ring mail of fire resistance (heavily wounded)
You shoot a stone.
The stone hits the orc but does no damage.
The orc is heavily wounded.
The orc hits you with a +0 short sword.
Casting: Sandblast (safe; 6% risk of failure)
Confirm with . or Enter, or press ? or * to list all spells.
Aiming: Sandblast (safe; 6% risk of failure)
Press: ? - help, Shift-Dir - straight line, f/p - orc
Aim: an orc, wielding a +0 short sword and wearing a +1 ring mail of fire resistance (heavily wounded)
The blast of sand misses the orc.
b - 49 stones The orc misses you.
Firing (i - inventory)
b - 49 stones (quivered)
Press: ? - help, Shift-Dir - straight line, f/p - orc
Aim: an orc, wielding a +0 short sword and wearing a +1 ring mail of fire resistance (heavily wounded)
You shoot a stone.
The stone hits the orc but does no damage.
The orc is heavily wounded.
The orc hits you with a +0 short sword.
Firing (i - inventory)
b - 48 stones (quivered)
Press: ? - help, Shift-Dir - straight line, f/p - orc
Aim: an orc, wielding a +0 short sword and wearing a +1 ring mail of fire resistance (heavily wounded)
You shoot a stone. The stone barely misses the orc.
The orc misses you.
Firing (i - inventory)
b - 47 stones (quivered)
Press: ? - help, Shift-Dir - straight line, f/p - orc
Aim: an orc, wielding a +0 short sword and wearing a +1 ring mail of fire resistance (heavily wounded)
You shoot a stone.
The stone hits the orc but does no damage.
The orc is heavily wounded.
The orc closely misses you.
Firing (i - inventory)
b - 46 stones (quivered)
Press: ? - help, Shift-Dir - straight line, f/p - orc
Aim: an orc, wielding a +0 short sword and wearing a +1 ring mail of fire resistance (heavily wounded)
You shoot a stone. The stone barely misses the orc.
The orc barely misses you.
Firing (i - inventory)
b - 45 stones (quivered)
Press: ? - help, Shift-Dir - straight line, f/p - orc
Aim: an orc, wielding a +0 short sword and wearing a +1 ring mail of fire resistance (heavily wounded)
You shoot a stone. The stone hits the orc.
The orc is severely wounded.
The orc hits you but does no damage.
Firing (i - inventory)
b - 44 stones (quivered)
Press: ? - help, Shift-Dir - straight line, f/p - orc
Aim: an orc, wielding a +0 short sword and wearing a +1 ring mail of fire resistance (severely wounded)
You shoot a stone.
The stone hits the orc but does no damage.
The orc is severely wounded.
The orc hits you with a +0 short sword.
* * * LOW HITPOINT WARNING * * *
Firing (i - inventory)
b - 43 stones (quivered)
Press: ? - help, Shift-Dir - straight line, f/p - orc
Aim: an orc, wielding a +0 short sword and wearing a +1 ring mail of fire resistance (severely wounded)
You shoot a stone. The stone closely misses the orc.
The orc hits you with a +0 short sword.
* * * LOW HITPOINT WARNING * * *
Firing (i - inventory)
b - 42 stones (quivered)
Press: ? - help, Shift-Dir - straight line, f/p - orc
Aim: an orc, wielding a +0 short sword and wearing a +1 ring mail of fire resistance (severely wounded)
You shoot a stone.
The stone hits the orc but does no damage.
The orc is severely wounded.
The orc hits you but does no damage.
Firing (i - inventory)
b - 41 stones (quivered)
Press: ? - help, Shift-Dir - straight line, f/p - orc
Aim: an orc, wielding a +0 short sword and wearing a +1 ring mail of fire resistance (severely wounded)
You shoot a stone. The stone hits the orc.
The orc is almost dead.
The orc hits you with a +0 short sword.
You die...

#.# #.#.# ## #.#
#.#.# #.# #.#.#
#.# #^#.# #.#
#.#.# ###.#
#.#.#
#...####.#.#
####.#...##.#o#
..............@#
##.##.#.#.##.###
# #.#.#.##.#
#.#<#.##.#
#.###.##.# #.
..##+# ###


You could see an orc.

Vanquished Creatures
  An orc wizard (D:2)
  An adder (D:2)
  2 oozes (D:1)
  A leopard gecko (D:1)
  4 bats
  4 goblins
  3 hobgoblins (D:1)
  3 kobolds (D:1)
  A frilled lizard (D:1)
  2 rats
22 creatures vanquished.

Notes
Turn   | Place    | Note
-------+----------+-------------------------------------------
     0 | D:1      | EnegeticOcto the Halfling Earth Elementalist began the
                  | quest for the Orb.
     0 | D:1      | Reached XP level 1. HP: 11/11 MP: 3/3
    88 | D:1      | Reached XP level 2. HP: 11/17 MP: 0/4
   234 | D:1      | Reached skill level 4 in Earth Magic
   234 | D:1      | Reached XP level 3. HP: 11/21 MP: 0/5
   372 | D:2      | Reached skill level 1 in Slings
   408 | D:2      | Reached skill level 2 in Slings
   457 | D:2      | Reached skill level 3 in Slings
   457 | D:2      | Reached XP level 4. HP: 24/27 MP: 2/6
   478 | D:2      | Slain by an orc

Illustrated notes

Levels and vault maps discovered:
D:1:      ncdulo_watergridlock, layout_rooms, minmay_stone_trees_medium,
          minmay_tromino_v2
D:2:      layout_basic, lemuel_doored_altar
D:3:      layout_basic, nicolae_overflow_hidden_temple,
          chequers_temple_overflow_statue_of_worship, uniq_natasha

Skill      XL: |  1  2  3 |
---------------+----------+-----
Earth Magic    | 4 |  4.1
Slings         | 3 |  3.6
Dodging        | |  2.1
Stealth        | |  2.1
Spellcasting   | |  1.5
Transmutations | |  0.5

Action                   |  1- 3 |  4- 6 || total
-------------------------+-------+-------++-------
Melee: Club              |    14 |       ||    14
 Fire: Hunting sling     |    18 |    13 ||    31
 Cast: Sandblast         |    21 |     1 ||    22
Armor: Robe              |     6 |       ||     6
       Leather armour    |     2 |     1 ||     3
Dodge: Dodged            |    20 |     8 ||    28

Table legend: (Time is in decaauts)
 A = Elapsed time spent in this place.
 B = Non-inter-level travel time spent in this place.
 C = Inter-level travel time spent in this place.
 D = Time resting spent in this place.
 E = Time spent auto-exploring this place.
 F = Levels seen in this place.
 G = Mean time per level.
                   A        B        C        D        E       F      G
               +--------+--------+--------+--------+--------+-----+--------+
         Total |    485 |    476 |      9 |      0 |      0 |   3 |  161.7 |
       Dungeon |    485 |    476 |      9 |      0 |      0 |   3 |  161.7 |
               +--------+--------+--------+--------+--------+-----+--------+

Top non-repeatable levels by time:
     D:1: 375 daAuts
     D:2: 104 daAuts
     D:3: 6 daAuts
